 Dungeon Crawl Stone Soup version 0.18-a0-1542-g9c1a92e (webtiles) character file.

2020642 Ratboiler the Talismancer (level 27, 279/279 HPs)
             Began as a Deep Dwarf Gladiator on Mar 10, 2016.
             Was the Champion of Makhleb.
             Escaped with the Orb
             ... and 3 runes!
             The game lasted 03:23:26 (52154 turns).

Ratboiler the Talismancer (Deep Dwarf Gladiator)   Turns: 52154, Time: 03:23:26

Health: 279/279    AC: 41    Str: 16    XL:     27
Magic:  37/37      EV: 24    Int: 14    God:    Makhleb [******]
Gold:   4846       SH: 22    Dex: 29    Spells: 4 memorised, 15 levels left

rFire  + + +     SeeInvis +     a - +9 broad axe (freeze)
rCold  + + .     Gourm    .     C - +10 plate armour of the Ancient Blessings {rPois}
rNeg   + . .     Faith    .     d - +2 shield of Makhleb's Reproof {rF+ rC+ Str-4 Int+4}
rPois  +         Spirit   .     h - +0 mask of the Dragon {MR+ Slay+3 SInv}
rElec  +         Dismiss  .     v - +2 cloak {+Inv}
rCorr  .         Reflect  +     G - +3 pair of gauntlets of War {Slay+5}
SustAt .         Harm     .     y - +1 pair of boots {Stlth+}
MR     +++++                    E - +5 amulet of reflection
Stlth  ..........               O - ring of Kextizes {rPois rF+ Str-2 Dex+7}
                                R - ring "Zufi" {rElec rF+}

@: very slightly contaminated, non-regenerating, hasted, glowing, very quick,
almost entirely resistant to hostile enchantments, extremely unstealthy
A: damage resistance, recharge devices, antennae 1, cold resistance 1,
deterioration 1, mutation resistance 1, negative energy resistance 1, sense
surroundings 3, slow regeneration 3
a: Device Recharging, Minor Destruction, Lesser Servant of Makhleb, Major
Destruction, Greater Servant of Makhleb, Renounce Religion, Evoke Invisibility
0: Orb of Zot
}: 3/15 runes: decaying, serpentine, silver


You escaped.
You worshipped Makhleb.
Makhleb was exalted by your worship.
You were completely stuffed.

You visited 10 branches of the dungeon, and saw 52 of its levels.
You visited 1 ziggurat, and saw 8 of its levels.
You also visited: Trove, Ossuary, Ice Cave and Volcano.

You collected 7931 gold pieces.
You spent 3085 gold pieces at shops.

Inventory:

Hand Weapons
 a - a +9 broad axe of freezing (weapon)
Missiles
 n - 56 tomahawks
 L - 5 throwing nets (quivered)
Armour
 d - the +2 shield of Makhleb's Reproof (worn) {rF+ rC+ Str-4 Int+4}
   (You found it in a treasure trove)

   It affects your strength (-4).
   It affects your intelligence (+4).
   It protects you from fire.
   It protects you from cold.
 h - the +0 mask of the Dragon (worn) {MR+ Slay+3 SInv}
   (You found it on level 8 of a ziggurat)

   It affects your accuracy and damage with ranged weapons and melee attacks
   (+3).
   It affects your resistance to hostile enchantments.
   It lets you see invisible.
 v - a +2 cloak of invisibility (worn)
 y - a +1 pair of boots of stealth (worn)
 B - the +18 shield of the gong {rElec rN+ MR+ EV-5}
   (You found it in a treasure trove)

   It affects your evasion (-5).
   It insulates you from electricity.
   It protects you from negative energy.
   It affects your resistance to hostile enchantments.
 C - the +10 plate armour of the Ancient Blessings (worn) {rPois}
   (You found it on level 2 of the Depths)

   It protects you from poison.
 G - the +3 pair of gauntlets of War (worn) {Slay+5}
   (You acquired it on level 4 of the Lair of Beasts)

   It affects your accuracy and damage with ranged weapons and melee attacks
   (+5).
Rods
 t - a +2 rod of ignition (14/14)
   (You found it on level 5 of a ziggurat)
Jewellery
 g - the ring "Buson" {+Fly rC++ MP-9 Stlth+}
   (You found it on level 2 of the Vaults)

   [ring of flight]

   It greatly protects you from cold.
   It affects your magic capacity (-9).
   It lets you fly.
   It makes you more stealthy.
 E - a +5 amulet of reflection (around neck)
 J - the ring "Myptu" {rF+ rC+ Str+5}
   (You found it on level 4 of a ziggurat)

   [ring of protection from fire]

   It affects your strength (+5).
   It protects you from fire.
   It protects you from cold.
 O - the ring of Kextizes (right hand) {rPois rF+ Str-2 Dex+7}
   (You found it on level 7 of a ziggurat)

   [ring of protection from fire]

   It affects your strength (-2).
   It affects your dexterity (+7).
   It protects you from fire.
   It protects you from poison.
 R - the ring "Zufi" (left hand) {rElec rF+}
   (You took it off a deep elf death mage on level 3 of the Elven Halls)

   [ring of protection from fire]

   It protects you from fire.
   It insulates you from electricity.
 Y - the amulet of Curiosity {Dismiss MR+ Str+6}
   (You found it on level 5 of the Vaults)

   [amulet of dismissal]

   It may teleport away creatures that harm you.
   It affects your strength (+6).
   It affects your resistance to hostile enchantments.
Wands
 l - a wand of heal wounds (2/9)
 p - a wand of digging (8/24)
 D - a wand of hasting (4/9)
 W - a wand of hasting (0/9)
 X - a wand of disintegration (0/24)
 Z - a wand of teleportation (4/9)
Scrolls
 k - 2 scrolls of blinking
 m - a scroll of silence
 o - 9 scrolls of teleportation
 q - 18 scrolls of remove curse
 x - 2 scrolls of summoning
 z - 8 scrolls of fog
 A - 2 scrolls of recharging
 H - 3 scrolls of holy word
 Q - 6 scrolls of fear
Potions
 b - a potion of cure mutation
 c - 19 potions of curing
 j - a potion of cancellation
 s - 10 potions of flight
 u - 2 potions of might
 w - 5 potions of ambrosia
 F - 3 potions of agility
 I - 9 potions of lignification
 M - 5 potions of resistance
 T - 4 potions of invisibility
 U - 6 potions of berserk rage
Miscellaneous
 e - a phial of floods
 K - a legendary deck of summoning {the Dance, drawn: 1}
 P - a lamp of fire
 S - a fan of gales
Comestibles
 f - 37 bread rations


   Skills:
 * Level 22.8 Fighting
 - Level 18.0 Axes
 - Level 1.7 Throwing
 - Level 21.0 Armour
 - Level 23.1 Dodging
 - Level 15.0 Shields
 - Level 10.0 Invocations
 O Level 27 Evocations


You had 15 spell levels left.
You knew the following spells:

 Your Spells              Type           Power        Failure   Level  Hunger
a - Deflect Missiles      Chrm/Air       #.........   100%        6    #######
b - Swiftness             Chrm/Air       #.......     100%        2    ###....
c - Apportation           Tloc           #.........   100%        1    ##.....
d - Blink                 Tloc           N/A          100%        2    ###....


Dungeon Overview and Level Annotations

Branches:
Dungeon (15/15)            Temple (1/1) D:6            Lair (8/8) D:8
  Swamp (4/4) Lair:5        Snake (4/4) Lair:6        Slime (0/6) Lair:8
    Orc (2/2) D:12            Elf (3/3) Orc:2        Vaults (5/5) D:13
  Crypt (0/3) Vaults:2     Depths (5/5) D:15            Zot (5/5) Depths:5

Altars:
Ashenzari
Cheibriados
Dithmenos
Elyvilon
Fedhas
Gozag
Kikubaaqudgha
Makhleb
Nemelex Xobeh
Okawaru
Pakellas
Qazlal
Ru
Sif Muna
Trog
Vehumet
Xom
Yredelemnul
Zin
The Shining One

Shops:
D:10 }   Orc:2 ([*:   Vaults:2 %!   Vaults:5 (?   Depths:5 }

Portals:
Hell: Depths:1 Depths:2 Depths:3 Depths:4 Depths:5
Abyss: Depths:3 Depths:4
Pandemonium: Depths:3

Annotations:
D:2 exclusion: downstairs
D:4 exclusion: downstairs
D:5 exclusion: downstairs
D:7 exclusion: downstairs
D:15 exclusion: ice statue
Lair:2 exclusion: downstairs
Lair:4 1 exclusion, Sonja
Swamp:4 exclusion: Roxanne, Roxanne
Snake:2 Vashnia
Elf:2 3 runed doors
Zot:4 exclusion: 11 oklob plants
Zot:5 exclusion: upstairs


Innate Abilities, Weirdness & Mutations

You are resistant to damage.
You can recharge devices by infusing magical energy.
You resist negative energy.
You passively map a large area around you.
You do not regenerate naturally.
You have a pair of small antennae on your head.
Your flesh is cold resistant.
Your body sometimes deteriorates upon taking damage.
You are somewhat resistant to further mutation.


Message History

There is a stone staircase leading down here.
There is an escape hatch in the ceiling here.
A mysterious force pulls you upwards. The hatch slams shut behind you.
An angel comes into view.
It is wielding a sacred scourge of holy wrath.
You block the angel's attack. x3; The angel closely misses you.
Evoke which item? (* to show all) (? for menu, Esc to quit)
Zapping:
D - a wand of hasting (5/9)
Press: ? - help, Shift-Dir - straight line, f - you You feel yourself speed up.
You are very lightly contaminated with residual magic.
This wand has 4 charges left.
You block the angel's attack. x2
You block the angel's attack. The angel hits you but does no damage.
You block the angel's attack. The angel barely misses you.
A goblin comes into view. It is wielding a club.
There is an open door here.
You see here a club.
There is a fountain of clear blue water here.
There is a staircase leading out of the dungeon here.
You block the angel's attack. x2
You have escaped!

#####.# ##.## ### #.#
#..###### #.. #.####
###......# #..
#....####...####.### #..
######.#....#...##...#
#..
##....#.#.#.........#.#
#..
#.........##..#)#..##.#
#..
#..#.##....####A####..#
#.#
##.......(8..++⌠@⌠++..8#
##.#
#......##...####⌠####..#
#...
#..........##..#+#..##.#
#...
#..##......#.........#.#
#...
......##.....##....#...#
#...
.#.#####.......(...#####
#...
.#######.###########
#... .........# ###.
########## #.


You could see an angel.

Vanquished Creatures
  5 orbs of fire (Zot:5)
  Mennas (Vaults:3)
  Mara (Swamp:3)
  2 juggernauts
  2 ancient liches
  2 pandemonium lords
  Sojobo (Depths:2)
  A caustic shrike (Zig:4)
  Xtahua (Vaults:5)
  2 Killer Klowns (Zot:5)
  Nikola (Vaults:3)
  11 golden dragons
  A curse toe (Zot:4)
  the Enchantress (Depths:3)
  Jory (Vaults:5)
  A bone dragon (Depths:5)
  4 electric golems
  11 tentacled monstrosities
  2 liches (Depths:4)
  22 Orb Guardians
  A quicksilver dragon (Vaults:5)
  A titan (Vaults:5)
  A deep elf blademaster (Elf:3)
  A Shadow Fiend (Zig:5)
  An eldritch tentacle (Zig:5)
  Frances (D:12)
  2 deep elf master archers (Elf:3)
  6 death cobs
  6 sphinxes
  Gastronok (Lair:1)
  7 shadow dragons
  2 thorn hunters
  14 storm dragons
  3 tengu reavers (Depths:2)
  7 frost giants
  4 draconian monks
  5 draconian knights
  Donald (Vaults:1)
  6 fire giants
  10 greater nagas
  6 orc warlords
  Maud (D:11)
  8 deep elf sorcerers
  Aizul (Swamp:4)
  Louise (Swamp:4)
  7 draconian scorchers
  5 draconian zealots
  10 vault wardens
  6 draconian shifters
  4 ghost moths
  2 emperor scorpions
  2 deep elf elementalists (Elf:3)
  An angel (Zig:6)
  7 large abominations
  16 ironheart preservers
  22 very ugly things
  4 spriggan defenders (Depths:3)
  5 draconian callers
  A salamander stormcaller (Vaults:5)
  17 stone giants
  A war gargoyle (Vaults:5)
  4 draconian annihilators
  An ophan (Zig:6)
  3 vampire knights (Depths:4)
  2 small abominations
  10 yellow draconians
  8 black draconians
  2 blood saints
  7 deep elf demonologists
  A chaos champion (Zig:5)
  5 purple draconians
  8 red draconians
  A black sun (Depths:3)
  8 deep elf annihilators
  9 green draconians
  7 mottled draconians
  7 white draconians
  A crystal guardian (Vaults:4)
  6 deep elf death magi
  28 vault guards
  17 ettins
  17 fire dragons
  Snorg (D:10)
  Josephine (D:14)
  3 deep elf high priests
  13 yaktaur captains
  5 great orbs of eyes
  Fannar (Lair:1)
  18 naga warriors
  Harold (D:11)
  8 rakshasas
  9 centaur warriors
  8 spriggan air magi
  7 entropy weavers
  3 hell beasts
  A ghost crab (Swamp:1)
  30 hydras
  13 ice dragons
  5 catoblepae
  18 anacondas
  An anaconda (shapeshifter) (Vaults:5)
  A death knight (Vaults:5)
  27 death yaks
  8 tengu warriors
  A deep troll earth mage (Depths:1)
  6 deep troll shamans
  4 alligators
  10 ogre magi
  Urug (D:11)
  A vampire mage (Depths:5)
  14 naga sharpshooters
  15 dancing weapons
  A shock serpent (shapeshifter) (Vaults:5)
  6 shock serpents
  2 orc high priests
  13 spriggan berserkers
  10 deep elf knights
  A wretched star (Zig:1)
  8 skeletal warriors
  2 fire crabs (Vaults:4)
  An iron troll (Depths:5)
  A salamander mystic (Snake:3)
  A shadow wraith (Vaults:4)
  8 hell knights
  4 giant orange brains
  15 swamp dragons
  8 deep trolls
  9 sea snakes (Snake:4)
  2 shambling mangroves
  11 spriggan druids
  13 deep elf archers
  3 flayed ghosts
  An anubis guard (shapeshifter) (Vaults:1)
  2 orange crystal statues
  6 unseen horrors
  5 phantasmal warriors
  3 naga ritualists
  9 hill giants
  11 ironbrand convokers
  7 wizards
  21 orc knights
  3 necromancers
  2 lindwurms
  An orb spider (Zig:7)
  8 wolf spiders
  7 mana vipers
  A wolf spider zombie (D:15)
  6 orc sorcerers
  A stone giant zombie (Vaults:5)
  3 manticores
  A manticore (shapeshifter) (D:15)
  A faun (shapeshifter) (Vaults:5)
  A tengu skeleton (Vaults:2)
  27 ugly things
  46 deep elf magi
  6 cyclopes
  8 griffons
  11 salamanders
  A fire giant skeleton (Vaults:2)
  A worldbinder (Zig:6)
  A cyclops (shapeshifter) (D:15)
  A sixfirhy (Zig:6)
  A centaur zombie (D:14)
  22 moths of wrath
  3 toenail golems (Volcano)
  2 guardian serpents (shapeshifter)
  13 elephants
  An octopode (shapeshifter) (Vaults:1)
  30 black mambas
  An ice statue (IceCv)
  2 elephants (shapeshifter)
  10 guardian serpents
  18 naga magi
  2 rust devils
  10 vault sentinels
  Psyche (D:10)
  3 gargoyles
  A stone giant skeleton (Vaults:2)
  A salamander skeleton (Vaults:2)
  11 spiny frogs
  4 kobold demonologists
  An orange demon (Depths:3)
  3 efreet
  A yaktaur (shapeshifter) (Vaults:1)
  3 yaktaur skeletons (Vaults:2)
  3 rime drakes
  4 freezing wraiths
  2 human skeletons (Vaults:2)
  2 ice devils
  A demonic crawler (Zig:7)
  2 komodo dragons
  6 tengu conjurers
  A wind drake (shapeshifter) (Depths:4)
  35 yaktaurs
  A hellwing (Zig:2)
  2 red devils
  13 trolls
  A troll (shapeshifter) (Depths:2)
  22 two-headed ogres
  2 two-headed ogres (shapeshifter)
  15 polar bears
  6 giant leeches
  5 jumping spiders
  A merfolk (shapeshifter) (Vaults:2)
  32 blink frogs
  A hornet zombie (D:14)
  A raiju (shapeshifter) (Vaults:2)
  A spriggan zombie (Depths:1)
  10 bog bodies
  31 slime creatures
  6 boulder beetles
  A redback (shapeshifter) (Vaults:5)
  3 starcursed masses (Zig:3)
  A stone giant simulacrum (Vaults:5)
  3 tarantellas
  24 redbacks
  A spriggan (shapeshifter) (Depths:2)
  63 spriggans
  A shadow (Swamp:1)
  2 water elementals
  8 air elementals
  A yak (shapeshifter) (D:14)
  A hog (shapeshifter) (Vaults:4)
  6 humans (Volcano)
  A salamander simulacrum (Vaults:3)
  4 wyverns
  A basilisk (shapeshifter) (Vaults:1)
  85 yaks
  A vampire (D:15)
  7 wraiths
  Eustachio (D:5)
  A fire elemental (Elf:3)
  3 basilisks
  A steam dragon (Lair:3)
  4 hungry ghosts
  38 vampire mosquitoes
  Menkaure (D:5)
  11 hippogriffs
  A mottled dragon (D:12)
  32 wolves
  15 swamp worms
  6 insubstantial wisps
  42 nagas
  10 wargs
  Duvessa (D:5)
  A soldier ant (shapeshifter) (Depths:2)
  15 water moccasins
  13 porcupines
  9 swamp drakes
  A necrophage (D:12)
  55 orc warriors
  2 sky beasts
  An eye of draining (D:13)
  10 ice beasts (D:15)
  A black bear (shapeshifter) (Vaults:1)
  4 black bears
  36 wasps
  39 ogres
  14 boggarts
  5 centaurs
  3 phantoms
  An eye of draining (shapeshifter) (D:15)
  2 orc skeletons (Vaults:2)
  11 crocodiles
  2 big kobolds (D:8)
  16 giant frogs
  A gnoll sergeant (D:6)
  Dowan (D:5)
  3 scorpions
  A wyvern skeleton (D:13)
  9 killer bees (D:8)
  2 wights (D:6)
  4 electric eels
  A howler monkey (D:11)
  8 crimson imps
  A giant frog zombie (D:7)
  2 human simulacra
  A hound (shapeshifter) (Vaults:3)
  7 hounds
  2 quasits
  A giant frog skeleton (D:10)
  4 jellies
  22 orc priests
  3 centaur skeletons
  2 gnoll shamans (D:4)
  7 iguanas
  Natasha (D:2)
  10 orc wizards
  12 worker ants
  34 sheep
  A killer bee zombie (D:11)
  3 big kobold zombies (Ossuary)
  A hound zombie (D:10)
  A mummy (Ossuary)
  A worker ant zombie (D:7)
  Robin (D:2)
  33 gnolls
  27 adders
  A howler monkey skeleton (D:4)
  60 river rats
  5 shadow imps
  16 white imps
  An ufetubus (Zot:5)
  4 oozes
  An adder skeleton (D:5)
  A worm (D:3)
  A dart slug (D:1)
  7 giant geckos
  72 orcs
  A spectral bat (Ossuary)
  6 bat skeletons (Depths:3)
  3 giant cockroaches (D:3)
  9 gnoll zombies (Ossuary)
  20 goblins
  10 hobgoblins
  28 jackals
  10 kobolds
  8 quokkas
  3 ball pythons
  3 bats
  A giant cockroach zombie (D:6)
  A giant gecko skeleton (D:6)
  5 giant newts
  5 goblin simulacra (Ossuary)
  3 goblin zombies (Ossuary)
  5 hobgoblin zombies (Ossuary)
  6 kobold simulacra (Ossuary)
  6 kobold zombies (Ossuary)
  4 orc zombies (Ossuary)
  A quokka skeleton (D:5)
  12 rats
  4 rat simulacra (Ossuary)
  5 spectral goblins (Ossuary)
  5 spectral kobolds (Ossuary)
  2 spectral rats (Ossuary)
  A crawling corpse (Vaults:5)
  5 fungi
  20 plants
2527 creatures vanquished.

Vanquished Creatures (collateral kills)
  A golden dragon (Vaults:5)
  A deep elf elementalist (Vaults:5)
  A deep elf annihilator (Vaults:5)
  A deep elf demonologist (Vaults:2)
  7 vault guards (Vaults:5)
  2 deep elf magi (Elf:3)
  A cyclops (Vaults:2)
  A vault sentinel (Vaults:5)
  4 orc warriors (Vaults:3)
  A wasp (Swamp:4)
  A crocodile (Lair:5)
  An orc priest (Vaults:3)
  An orc (Vaults:3)
23 creatures vanquished.

Vanquished Creatures (others)
  An ancient lich (Vaults:5)
  An eldritch tentacle (Depths:4)
  A tengu reaver (Vaults:5)
  A draconian zealot (Zot:2)
  3 deep elf elementalists (Elf:3)
  A stone giant (Vaults:5)
  A deep elf high priest (Elf:3)
  2 orc knights (Vaults:3)
  A hornet (Vaults:5)
  2 moths of wrath
  A black mamba (Snake:4)
  3 yaktaurs
  A polar bear (IceCv)
  A vampire mosquito (Vaults:1)
  An orc warrior (Zig:8)
  A boggart (Depths:2)
  2 ogres
  A spectral goblin (Ossuary)
  A bush (Depths:3)
  195 eldritch tentacle segments
  27 fungi
  29 plants
277 creatures vanquished.

Grand Total: 2827 creatures vanquished

Notes
Turn   | Place    | Note
--------------------------------------------------------------
     0 | D:1      | Ratboiler the Deep Dwarf Gladiator began the quest for the Orb.
     0 | D:1      | Reached XP level 1. HP: 19/19 MP: 1/1
   148 | D:1      | Reached XP level 2. HP: 19/26 MP: 2/2
   444 | D:2      | Found a shattered altar of Ashenzari.
   467 | D:2      | Reached XP level 3. HP: 11/32 MP: 3/3
   720 | D:2      | Reached skill level 5 in Axes
   980 | D:2      | Reached XP level 4. HP: 31/39 MP: 4/4
  1080 | D:2      | Noticed Robin
  1119 | D:2      | Killed Robin
  1425 | D:2      | Noticed Natasha
  1436 | D:2      | Killed Natasha
  1542 | D:2      | Reached XP level 5. HP: 35/45 MP: 5/5
  1865 | D:3      | Found a sacrificial altar of Ru.
  1882 | D:3      | Found a stormy altar of Qazlal.
  1885 | D:3      | Found an ancient bone altar of Kikubaaqudgha.
  1908 | D:3      | Found a basalt altar of Yredelemnul.
  2720 | D:4      | Reached XP level 6. HP: 34/52 MP: 6/6
  2739 | D:4      | Found a sparkling altar of Nemelex Xobeh.
  2837 | D:4      | Found a blossoming altar of Fedhas.
  3329 | D:4      | Reached skill level 1 in Shields
  3339 | D:5      | Entered Level 5 of the Dungeon
  3503 | D:5      | Noticed Dowan
  3504 | D:5      | Noticed Duvessa
  3598 | D:4      | Reached XP level 7. HP: 49/58 MP: 6/6
  3973 | D:5      | Noticed Eustachio
  4123 | D:5      | Killed Eustachio
  4264 | D:5      | Noticed Menkaure
  4434 | D:5      | Killed Duvessa
  4458 | D:5      | Killed Dowan
  4458 | D:5      | Reached XP level 8. HP: 50/66 MP: 7/7
  4614 | D:6      | Found a bloodstained altar of Trog.
  4666 | D:6      | Reached skill level 10 in Axes
  4736 | D:6      | Found an opulent altar of Gozag.
  4821 | D:6      | Found a glowing silver altar of Zin.
  4981 | D:6      | Found a staircase to the Ecumenical Temple.
  4990 | Temple   | Entered the Ecumenical Temple
  5102 | Temple   | Became a worshipper of Makhleb the Destroyer
  5165 | D:6      | Got a jewelled mace
  5166 | D:6      | Identified the +5 mace of Midwinter {crush, Str+2} (You found it on level 6 of the Dungeon)
  5495 | D:7      | Found a stormy altar of Qazlal.
  5524 | D:7      | Gained mutation: You passively map the area around you. [Deep Dwarf growth]
  5524 | D:7      | Reached XP level 9. HP: 40/73 MP: 7/7
  5693 | D:7      | Found an iron altar of Okawaru.
  5845 | D:7      | Reached * piety under Makhleb
  6523 | D:8      | Found a sand-covered staircase.
  6531 | Ossuary  | Entered an ossuary
  6644 | Ossuary  | Reached ** piety under Makhleb
  7103 | D:8      | Reached *** piety under Makhleb
  7212 | D:8      | Identified the Papyrus of Glacial Curses
  7267 | D:8      | Found a deep blue altar of Sif Muna.
  7617 | D:8      | Found a staircase to the Lair.
  7909 | D:8      | Noticed a troll
  8014 | D:4      | Reached **** piety under Makhleb
  8695 | D:5      | Killed Menkaure
  8923 | D:9      | Reached ***** piety under Makhleb
  8947 | D:9      | Reached XP level 10. HP: 80/80 MP: 8/8
  9147 | D:9      | Reached skill level 15 in Axes
  9349 | D:9      | Noticed a hill giant
  9698 | D:10     | Entered Level 10 of the Dungeon
  9817 | D:10     | Killed an unseen horror
  9907 | D:10     | Found Acluin's Gadget Shop.
  9918 | D:10     | Bought a wand of digging (12/24) for 480 gold pieces
  9949 | D:10     | Identified the Volume of Malediction
 10079 | D:10     | Got a scorched leather armour
 10090 | D:10     | Identified the +3 leather armour "Ciwil" {Str+8 Int-5 Dex+7} (You found it on level 10 of the Dungeon)
 10429 | D:10     | Noticed Psyche
 10437 | D:10     | Killed Psyche
 10472 | D:10     | Noticed Snorg
 10485 | D:10     | Killed Snorg
 10743 | D:10     | Killed an unseen horror
 10907 | D:10     | Noticed a gargoyle
 11161 | Lair:1   | Entered Level 1 of the Lair of Beasts
 11161 | Lair:1   | Noticed a spiny frog
 11161 | Lair:1   | Noticed a black mamba
 11172 | Lair:1   | Killed a black mamba
 11172 | Lair:1   | Reached XP level 11. HP: 68/86 MP: 8/8
 11183 | Lair:1   | Reached skill level 1 in Armour
 11218 | Lair:1   | Noticed Gastronok
 11626 | Lair:2   | Noticed an eight-headed hydra
 11870 | Lair:3   | Noticed a catoblepas
 11982 | Lair:3   | Reached skill level 5 in Armour
 12009 | Lair:3   | Learned a level 6 spell: Deflect Missiles
 12095 | Lair:3   | Reached skill level 5 in Fighting
 12104 | Lair:3   | Reached ****** piety under Makhleb
 12561 | Lair:3   | Reached skill level 1 in Evocations
 12565 | Lair:3   | Gained mutation: Your flesh is cold resistant. [potion of mutation]
 12565 | Lair:3   | Gained mutation: You have a pair of small antennae on your head. [potion of mutation]
 12565 | Lair:3   | Gained mutation: You are somewhat resistant to further mutation. [potion of mutation]
 12691 | Lair:3   | Noticed a griffon
 12704 | Lair:3   | Killed a griffon
 12704 | Lair:3   | Reached skill level 2 in Evocations
 12804 | Lair:4   | Paralysed by a wasp for 1 turns
 12819 | Lair:4   | Noticed a wolf spider
 12825 | Lair:4   | Reached skill level 3 in Evocations
 12829 | Lair:4   | Killed a wolf spider
 12986 | Lair:4   | Reached skill level 4 in Evocations
 13031 | Lair:4   | Reached XP level 12. HP: 105/105 MP: 12/12
 13037 | Lair:4   | Identified a scroll of acquirement
 13199 | Lair:4   | Noticed Sonja
 13236 | Lair:5   | Found a staircase to the Swamp.
 13260 | Lair:5   | Found a dark tunnel.
 13267 | Volcano  | Entered a volcano
 13285 | Volcano  | Reached skill level 5 in Evocations
 13405 | Volcano  | Reached skill level 6 in Evocations
 13411 | Volcano  | Learned a level 2 spell: Swiftness
 13591 | Lair:5   | Found a frozen archway.
 13626 | IceCv    | Entered an ice cave
 13640 | IceCv    | Reached skill level 7 in Evocations
 13800 | IceCv    | Noticed a death yak
 13816 | IceCv    | Killed a death yak
 13816 | IceCv    | Reached skill level 5 in Dodging
 13914 | IceCv    | Noticed a frost giant
 13966 | IceCv    | Killed a frost giant
 13979 | IceCv    | Reached XP level 13. HP: 98/117 MP: 15/15
 14032 | IceCv    | Identified the Handbook of Hurtful Snow
 14048 | IceCv    | Identified Doydeb's Catalogue of the Glacier
 14451 | Lair:5   | Reached skill level 10 in Armour
 14652 | Lair:6   | Found a staircase to the Snake Pit.
 15699 | Lair:7   | Reached skill level 10 in Fighting
 15843 | Lair:7   | Got a crude scale mail
 15866 | Lair:7   | Identified the +1 scale mail of Refuge {rElec rPois Regen+} (You found it on level 7 of the Lair of Beasts)
 16139 | Lair:7   | Gained mutation: You resist negative energy. [Deep Dwarf growth]
 16139 | Lair:7   | Reached XP level 14. HP: 132/132 MP: 16/16
 16219 | Lair:8   | Entered Level 8 of the Lair of Beasts
 16445 | Lair:8   | Reached skill level 10 in Dodging
 16558 | Lair:8   | Got an ancient leather armour
 16569 | Lair:8   | Identified the cursed +1 leather armour "Damionk" {Int+3 SInv Stlth+} (You found it on level 8 of the Lair of Beasts)
 16716 | Lair:8   | Reached skill level 8 in Evocations
 16762 | Lair:8   | Found a staircase to the Slime Pits.
 17223 | Lair:8   | Reached skill level 9 in Evocations
 17417 | Lair:1   | Noticed Fannar
 17428 | Lair:1   | Killed Fannar
 17519 | Lair:1   | Reached skill level 10 in Evocations
 17801 | Lair:1   | Killed Gastronok
 18280 | Lair:3   | Reached XP level 15. HP: 142/142 MP: 20/20
 18708 | D:8      | Got a pitted war axe
 18709 | D:8      | Identified the cursed +2 war axe of Destiny {venom, *Drain Str+2 Int+9} (You found it on level 8 of the Dungeon)
 19243 | D:11     | Reached skill level 11 in Evocations
 19248 | D:11     | Noticed Harold
 19263 | D:11     | Killed Harold
 19331 | D:11     | Noticed Maud
 19346 | D:11     | Killed Maud
 19490 | D:11     | Noticed Urug
 19503 | D:11     | Killed Urug
 20148 | D:12     | Noticed Frances
 20163 | D:12     | Killed Frances
 20163 | D:12     | Reached skill level 12 in Evocations
 20224 | D:12     | Found a staircase to the Orcish Mines.
 20822 | D:13     | Found a glowing golden altar of the Shining One.
 20956 | D:13     | Found a gate to the Vaults.
 21094 | D:13     | Reached skill level 13 in Evocations
 21848 | D:14     | Reached skill level 14 in Evocations
 22033 | D:14     | Noticed Josephine
 22038 | D:14     | Killed Josephine
 22132 | D:15     | Entered Level 15 of the Dungeon
 22361 | D:15     | Reached XP level 16. HP: 154/154 MP: 23/23
 22959 | D:15     | Reached skill level 15 in Evocations
 22983 | D:15     | Found a staircase to the Depths.
 23500 | Swamp:1  | Entered Level 1 of the Swamp
 23636 | Swamp:1  | Noticed a thorn hunter
 23651 | Swamp:1  | Killed a thorn hunter
 24594 | Swamp:2  | Reached skill level 16 in Evocations
 24960 | Swamp:3  | Reached skill level 15 in Armour
 25616 | Swamp:4  | Entered Level 4 of the Swamp
 25661 | Swamp:4  | Noticed a thorn hunter
 25681 | Swamp:4  | Killed a thorn hunter
 25681 | Swamp:4  | Reached skill level 17 in Evocations
 25756 | Swamp:4  | Noticed Mara
 25768 | Swamp:4  | Noticed Ratboiler's illusion
 25797 | Swamp:3  | Killed Mara
 26019 | Swamp:4  | Noticed Roxanne
 26064 | Swamp:4  | Noticed Louise
 26083 | Swamp:4  | Reached XP level 17. HP: 155/164 MP: 26/26
 26092 | Swamp:4  | Killed Louise
 26109 | Swamp:4  | Noticed Aizul
 26131 | Swamp:4  | Killed Aizul
 26188 | Swamp:4  | Reached skill level 18 in Evocations
 26407 | Swamp:4  | Got a decaying rune of Zot
 26628 | Snake:1  | Entered Level 1 of the Snake Pit
 26679 | Snake:1  | Reached skill level 1 in Invocations
 27256 | Snake:1  | Reached skill level 5 in Invocations
 27478 | Snake:2  | Noticed Vashnia
 27903 | Snake:2  | You fall through a shaft!
 27964 | Snake:3  | Reached skill level 15 in Dodging
 28317 | Snake:3  | Gained mutation: You passively map a large area around you. [Deep Dwarf growth]
 28317 | Snake:3  | Reached XP level 18. HP: 130/175 MP: 28/28
 28883 | Snake:4  | Entered Level 4 of the Snake Pit
 29146 | Snake:4  | Learned a level 1 spell: Apportation
 29149 | Snake:4  | Learned a level 2 spell: Blink
 29352 | Snake:4  | Reached skill level 10 in Invocations
 29950 | Snake:4  | Reached skill level 15 in Fighting
 29966 | Snake:4  | Got a serpentine rune of Zot
 30442 | Orc:1    | Entered Level 1 of the Orcish Mines
 31121 | Orc:2    | Entered Level 2 of the Orcish Mines
 31229 | Orc:2    | Found Lecwatec's Antique Weapon Emporium.
 31299 | Orc:2    | Found Cusk's General Store.
 31318 | Orc:2    | Bought a scroll of enchant armour for 105 gold pieces
 31318 | Orc:2    | Bought 2 potions of might for 112 gold pieces
 31433 | Orc:2    | Found Udghomic's Book Boutique.
 31446 | Orc:2    | Reached XP level 19. HP: 183/186 MP: 29/29
 31664 | Orc:2    | Found a staircase to the Elven Halls.
 31667 | Orc:2    | Found Takapre's Antique Armour Boutique.
 31675 | Orc:2    | Bought a faintly humming scale mail for 243 gold pieces
 31675 | Orc:2    | Bought a spiked plate armour for 756 gold pieces
 31675 | Orc:2    | Bought a warped ring mail for 243 gold pieces
 31675 | Orc:2    | Bought an embroidered cloak for 121 gold pieces
 31992 | Orc:1    | Identified the cursed +1 scale mail of Vaannymo {rF- Str+4 Slay+4} (You bought it in a shop on level 2 of the Orcish Mines)
 32003 | Orc:1    | Identified the +1 ring mail "Lawkuhix" {+Fly rF+} (You bought it in a shop on level 2 of the Orcish Mines)
 32013 | Orc:1    | Identified the +0 plate armour of the Centipede {+Blink rC- MR+ Str+2} (You bought it in a shop on level 2 of the Orcish Mines)
 32505 | Vaults:1 | Entered Level 1 of the Vaults
 32639 | Vaults:1 | Noticed Donald
 32659 | Vaults:1 | Killed Donald
 32747 | Vaults:1 | Reached skill level 5 in Shields
 34081 | Vaults:2 | Reached skill level 10 in Shields
 34183 | Vaults:2 | Found Ivijofim's Distillery.
 34191 | Vaults:2 | Bought a potion of haste for 190 gold pieces
 34191 | Vaults:2 | Bought a potion of agility for 76 gold pieces
 34191 | Vaults:2 | Bought a potion of curing for 57 gold pieces
 34191 | Vaults:2 | Bought a potion of heal wounds for 95 gold pieces
 34191 | Vaults:2 | Bought a potion of curing for 57 gold pieces
 34290 | Vaults:2 | Found Xiwi's Food Boutique.
 34828 | Vaults:2 | Got a scorched bronze ring
 34829 | Vaults:2 | Identified the ring "Buson" {+Fly rC++ MP-9 Stlth+} (You found it on level 2 of the Vaults)
 35067 | Vaults:2 | Found a staircase to the Crypt.
 35156 | Vaults:2 | Reached XP level 20. HP: 195/195 MP: 21/30
 35575 | Vaults:3 | Noticed Mennas
 35613 | Vaults:3 | Killed Mennas
 35948 | Vaults:3 | Noticed Nikola
 35986 | Vaults:3 | Killed Nikola
 36459 | Vaults:3 | Reached skill level 15 in Shields
 36898 | Vaults:4 | Reached skill level 19 in Evocations
 36898 | Vaults:4 | Reached XP level 21. HP: 200/204 MP: 22/31
 37495 | Vaults:5 | Entered Level 5 of the Vaults
 37508 | Vaults:5 | Noticed an ancient lich
 37510 | Vaults:5 | Noticed a golden dragon
 37518 | Vaults:5 | Noticed an ancient lich
 37522 | Vaults:5 | Reached XP level 22. HP: 195/216 MP: 23/32
 37531 | Vaults:5 | Noticed a golden dragon
 37531 | Vaults:5 | Killed a golden dragon
 37531 | Vaults:5 | Killed an ancient lich
 37536 | Vaults:5 | Noticed Xtahua
 37553 | Vaults:5 | Noticed Jory
 37557 | Vaults:5 | Noticed an ancient lich
 37589 | Vaults:5 | Got a bound diamond amulet
 37591 | Vaults:5 | Got a silver rune of Zot
 37726 | Vaults:5 | Killed Xtahua
 37784 | Vaults:5 | Identified the Tome of Mutagenic Conjuration (You found it on level 5 of the Vaults)
 37827 | Vaults:5 | Killed Jory
 37893 | Vaults:5 | Got a fine copper amulet
 37895 | Vaults:5 | Identified the Tome of Creative Protection
 37953 | Vaults:5 | Identified the amulet of Bodily Harmony {RegenMP rN+} (You found it on level 5 of the Vaults)
 37956 | Vaults:5 | Got a vibrating zirconium amulet
 37957 | Vaults:5 | Identified the amulet of Leoxoumna {Gourm rN+ Str+3 Int+2} (You found it on level 5 of the Vaults)
 37959 | Vaults:5 | Identified the amulet of Insomnia {Harm *Drain +Blink rC+ rN+ MP-9} (You found it on level 5 of the Vaults)
 38138 | Vaults:5 | Found Urosox's Magic Scroll Shop.
 38139 | Vaults:5 | Found Soofar's Antique Weapon Shoppe.
 38147 | Vaults:5 | Bought a scroll of teleportation for 60 gold pieces
 38147 | Vaults:5 | Bought a scroll of identify for 40 gold pieces
 38147 | Vaults:5 | Bought a scroll of torment for 150 gold pieces
 38147 | Vaults:5 | Bought a scroll of enchant armour for 150 gold pieces
 38147 | Vaults:5 | Bought a scroll of enchant armour for 150 gold pieces
 38293 | Vaults:5 | Killed a golden dragon
 38349 | Vaults:5 | Identified the Reference Book on Beguiling
 38392 | Vaults:5 | Killed an ancient lich
 38405 | Vaults:5 | Got a pitted silver amulet
 38409 | Vaults:5 | Identified the amulet of Curiosity {Dismiss MR+ Str+6} (You found it on level 5 of the Vaults)
 38413 | Vaults:5 | Got a serpentine zirconium amulet
 38415 | Vaults:5 | Identified the amulet "Kuanadal" {Dismiss Str+2} (You found it on level 5 of the Vaults)
 38484 | Vaults:4 | Reached XP level 23. HP: 212/228 MP: 24/33
 38757 | Elf:1    | Entered Level 1 of the Elven Halls
 39492 | Elf:1    | Found a portal to a secret trove of treasure.
 39544 | Elf:1    | You paid a toll of 8 potions of agility to enter a treasure trove
 39545 | Trove    | Entered a treasure trove
 39554 | Trove    | Got a translucent shield
 39560 | Trove    | Got a jewelled shield
 39564 | Trove    | Got a crude large shield
 39566 | Trove    | Got a bloodstained ring mail
 39571 | Trove    | Got a translucent ring mail
 39586 | Trove    | Identified the +2 shield of Makhleb's Reproof {rF+ rC+ Str-4 Int+4} (You found it in a treasure trove)
 39596 | Trove    | Identified the +0 shield "Haptucwuma" {rC+ Int+4 Dex+2} (You found it in a treasure trove)
 39606 | Trove    | Identified the +1 large shield of the Vestibule of Hell {-Tele Str+4 Int+4} (You found it in a treasure trove)
 39649 | Trove    | Identified the cursed +0 ring mail "Sesashea" {-Tele rN+ Regen+ Str+3 Slay+2} (You found it in a treasure trove)
 39660 | Trove    | Identified the cursed +0 ring mail of the Quahog {MP+9 Str+3} (You found it in a treasure trove)
 39994 | Elf:2    | Found a runed gate.
 39994 | Elf:2    | Found a runed gate.
 39994 | Elf:2    | Found a runed gate.
 40461 | Elf:3    | Entered Level 3 of the Elven Halls
 40775 | Elf:3    | Reached skill level 20 in Evocations
 41039 | Elf:3    | Got a sparkling bronze ring
 41098 | Elf:3    | Identified the ring "Zufi" {rElec rF+} (You took it off a deep elf death mage on level 3 of the Elven Halls)
 41101 | Elf:3    | Identified the Compendium of Doomed Confrontation (You found it on level 3 of the Elven Halls)
 41175 | Elf:3    | Got a heavily runed plate armour
 41176 | Elf:3    | Identified the cursed +0 plate armour of Dogma {MR+ Stlth+} (You found it on level 3 of the Elven Halls)
 41513 | Depths:1 | Entered Level 1 of the Depths
 41610 | Depths:1 | Got an ichor-stained broad axe
 41611 | Depths:1 | Identified the +7 broad axe of Ash {drain, +Fly rElec MP+9} (You found it on level 1 of the Depths)
 41685 | Depths:1 | Reached skill level 21 in Evocations
 42117 | Depths:1 | Found a gateway to Hell.
 42344 | Depths:2 | Noticed Sojobo
 42357 | Depths:2 | Killed Sojobo
 42792 | Depths:2 | Got a blackened plate armour
 42793 | Depths:2 | Identified the +10 plate armour of the Ancient Blessings {rPois} (You found it on level 2 of the Depths)
 42846 | Depths:2 | Reached XP level 24. HP: 238/240 MP: 25/34
 43180 | Depths:3 | Reached skill level 22 in Evocations
 43228 | Depths:3 | Found a one-way gate leading to the halls of Pandemonium.
 43425 | Depths:3 | Found a one-way gate to the infinite horrors of the Abyss.
 43443 | Depths:3 | Found a bloodstained altar of Trog.
 43868 | Depths:3 | Got a pitted glass ring
 43869 | Depths:3 | Identified the ring "Maessu" {*Tele +Blink Str-5 Slay+2} (You found it on level 3 of the Depths)
 43872 | Depths:3 | Got a distressingly furry chain mail
 43873 | Depths:3 | Identified the cursed +0 chain mail "Wostriwno" {Slay+3} (You found it on level 3 of the Depths)
 43881 | Depths:3 | Noticed the Enchantress
 43909 | Depths:3 | Killed the Enchantress
 44990 | Depths:4 | Reached skill level 23 in Evocations
 45338 | Depths:4 | Noticed a juggernaut
 45437 | Depths:4 | Found a gateway to a ziggurat.
 45625 | Depths:4 | Identified the Catalogue of the Unstable Glacier
 45936 | Depths:4 | Killed a juggernaut
 46146 | Depths:4 | Reached skill level 24 in Evocations
 46307 | Zig:1    | Entered Level 1 of a ziggurat
 46329 | Zig:2    | Entered Level 2 of a ziggurat
 46329 | Zig:2    | Noticed Zoublefa the pandemonium lord
 46357 | Zig:2    | Killed Zoublefa the pandemonium lord
 46357 | Zig:2    | Reached XP level 25. HP: 171/252 MP: 27/36
 46367 | Zig:2    | Got a pearl-studded plate armour
 46368 | Zig:2    | Identified the +5 plate armour of Lesser Demons {rElec rN+ Stlth+} (You found it on level 2 of a ziggurat)
 46372 | Zig:3    | Entered Level 3 of a ziggurat
 46405 | Zig:4    | Entered Level 4 of a ziggurat
 46445 | Zig:4    | Got a glittering tin ring
 46446 | Zig:4    | Identified the ring "Myptu" {rF+ rC+ Str+5} (You found it on level 4 of a ziggurat)
 46456 | Zig:5    | Entered Level 5 of a ziggurat
 46458 | Zig:5    | Noticed Temeerug the pandemonium lord
 46493 | Zig:5    | Killed Temeerug the pandemonium lord
 46548 | Zig:5    | Identified a +2 rod of ignition (14/14) (You found it on level 5 of a ziggurat)
 46561 | Zig:6    | Entered Level 6 of a ziggurat
 46612 | Zig:6    | Identified Sif Muna's Handbook of Evil Magic and Enhancements
 46630 | Zig:7    | Entered Level 7 of a ziggurat
 46700 | Zig:7    | Reached XP level 26. HP: 260/260 MP: 12/36
 46709 | Zig:7    | Got a fine lead ring
 46710 | Zig:7    | Identified the ring of Kextizes {rPois rF+ Str-2 Dex+7} (You found it on level 7 of a ziggurat)
 46729 | Zig:7    | Got a pitted chain mail
 46730 | Zig:7    | Identified the +2 chain mail "Forget-Me-Not" {Str+8} (You found it on level 7 of a ziggurat)
 46735 | Zig:8    | Entered Level 8 of a ziggurat
 47124 | Depths:5 | Entered Level 5 of the Depths
 47179 | Depths:5 | Noticed a juggernaut
 47200 | Depths:5 | Reached skill level 25 in Evocations
 47435 | Depths:5 | Killed a juggernaut
 47482 | Depths:5 | Found a gate to the Realm of Zot.
 47679 | Depths:5 | Found Kawn's Quality Used Wands.
 47938 | Zot:1    | Entered Level 1 of the Realm of Zot
 48046 | Zot:1    | Reached skill level 26 in Evocations
 48691 | Zot:2    | Reached XP level 27. HP: 246/268 MP: 37/37
 49101 | Zot:3    | Reached skill level 27 in Evocations
 50037 | Zot:5    | Entered Level 5 of the Realm of Zot
 51076 | Zot:5    | Noticed an orb of fire
 51099 | Zot:5    | Killed an orb of fire
 51148 | Zot:5    | Noticed an orb of fire
 51162 | Zot:5    | Noticed an orb of fire
 51163 | Zot:5    | Noticed an orb of fire
 51203 | Zot:5    | Killed an orb of fire
 51213 | Zot:5    | Killed an orb of fire
 51252 | Zot:5    | Killed an orb of fire
 51253 | Zot:5    | Noticed an ancient lich
 51265 | Zot:5    | Killed an ancient lich
 51371 | Zot:5    | Noticed an orb of fire
 51414 | Zot:5    | Gained mutation: Your body sometimes deteriorates upon taking damage. [an orb of fire]
 51432 | Zot:5    | Killed an orb of fire
 51457 | Zot:5    | Got the Orb of Zot
 51500 | Zot:5    | Noticed Sicuac the pandemonium lord
 52154 | D:$      | Escaped with the Orb!

Vault maps used:
D:1:      grunt_arrival_crossed_arrows, solitary_fountain
D:2:      lemuel_crystal_altar, first_bread, uniq_robin, uniq_natasha
D:3:      grunt_temple_overflow_cloverleaf, roderic_lattice_a, dk_noncrumbling_4
D:4:      lemuel_castle_with_subvaults, kennysheep_mini_moat,
          old_standard_altar, kennysheep_generic_room_14
D:5:      uniq_menkaure, uniq_duvessa, uniq_eustachio
D:6:      marbit_many_paths, nicolae_overflow_crystal_walls, zin_treasury,
          temple_pool_b
D:7:      okawaru_gym_becter, basic_altar
D:8:      minmay_tri_box, led_sif_pool, nicolae_ossuary_entry_ruins
D:10:     serial_shops, shop, uniq_snorg, uniq_psyche
D:11:     lemuel_flame_loot_2, grunt_tengu_nest, uniq_maud, uniq_urug,
          uniq_harold
D:12:     erik_orc_3, uniq_frances
D:13:     minmay_connected_boxes_in_corner, david_vaults_4, basic_altar,
          kennysheep_big_empty_room, minmay_misc_feat_rows
D:14:     uniq_josephine
D:15:     gammafunk_enter_depths_forms, roderic_digamma_sauvastika, ice2_lemuel
Temple:   jpeg_temple_alley_garden_8
Lair:1:   uniq_fannar, uniq_gastronok
Lair:2:   minivault_24, wad_woods_river_01
Lair:3:   pond, grunt_megastairs_3, serial_bayou_shore_b
Lair:4:   minmay_lair_venomous_thicket, uniq_sonja
Lair:5:   swamp_mist_pool, portal_ice_cave_entry_imps,
          nicolae_volcano_entry_lava_flow
Lair:6:   guppyfry_snake_entry_garden, serial_bayou_crossing
Lair:8:   evilmike_catoblepas_cave, nicolae_slime_entry_slimehenge
Swamp:1:  serial_swamp_ruin, evilmike_swamp_ruin_wall,
          evilmike_swamp_ruin_house_4, hangedman_swamp_ruin_wall
Swamp:2:  hangedman_swamp_ruin_hall
Swamp:3:  evilmike_swamp_ruin_house_1
Swamp:4:  swamp_basic_johnstein, uniq_louise, uniq_roxanne, uniq_aizul,
          uniq_mara
Snake:1:  spider_trap, nrook_guardian_serpent_double
Snake:2:  nrook_loot_triangle, uniq_vashnia
Snake:3:  grunt_ministairs_7
Snake:4:  grunt_snake_rune_pools, grunt_ministairs_3
Orc:1:    elf_legates
Orc:2:    grunt_orc_gardens, grunt_orc_garden, grunt_orc_garden,
          grunt_orc_garden, grunt_orc_garden
Elf:1:    minmay_elf_arrival_plus, nicolae_trove_entry_free_sample,
          hangedman_elf_disciples
Elf:2:    nicolae_elf_big_sculpture_3, st_stairs_7
Elf:3:    elf_hall, serial_sigils, serial_sigils_hangedman_snap,
          serial_sigils_hangedman_quiver, serial_sigils_hangedman_carve,
          serial_sigils_hangedman_snap, serial_sigils_hangedman_shear,
          serial_sigils_hangedman_gnaw, minivault_13
Vaults:1: ontoclasm_vaults_spin, vaults_mumra_hexcomb, nicolae_vaults_meeting,
          hangedman_vaults_stretched_pinwheel, nicolae_vaults_disjoint_gnomons,
          vaults_room_large_hall, ontoclasm_vaults_shuriken,
          nicolae_vaults_little_squares_6, v_alt_pattern_2,
          dpeg_vaults_monster_box, v_misc_9, nicolae_vaults_theta,
          grunt_vaults_focal, uniq_donald
Vaults:2: v_alt_pattern_2, hangedman_vaults_river_flow, ontoclasm_vaults_chip,
          v_misc_30, v_misc_17, minmay_crypt_entry_skeletal_spiral,
          nicolae_vaults_shelves_hall, st_cells, hangedman_vaults_trim,
          vaults_standard_mumra_x, ontoclasm_vaults_loading_screen,
          serial_shops, nicolae_shop_trees, nicolae_shop_scaring_up_business
Vaults:3: v_pattern_5, ontoclasm_vaults_eye, v_misc_27, v_misc_25,
          hangedman_vaults_snaps, v_misc_18, v_misc_23, v_rooms_2,
          vaults_room_pool, v_misc_8, grunt_vaults_hallway_short,
          special_room_vaults, ontoclasm_vaults_claustrophobia, uniq_mennas,
          uniq_nikola
Vaults:4: st_squares, ontoclasm_vaults_loading_screen, v_pattern_4,
          vaults_standard_mumra_lines, vaults_dpeg_doors,
          vaults_mumra_minichess_inversion, ontoclasm_vaults_twist, v_misc_30,
          vaults_mumra_hex, v_misc_14
Vaults:5: uniq_jory, uniq_xtahua
Depths:1: grunt_mini_vestibule, dk_noncrumbling_2, minmay_fountain_box,
          kennysheep_decorative_pillar
Depths:2: kennysheep_green_arena, corexii_hall_statues_i,
          hangedman_coc_ice_floe, kennysheep_doodads, uniq_sojobo
Depths:3: spriggan_forest, pan_entry, hell_entry, abyss_entry
Depths:4: minmay_fractal_lines_corner, enter_ziggurat_c, abyss_entry_crystal,
          hell_entry, hangedman_abyss_or_decor_passed, horrible_house_mu
Depths:5: grunt_twist_and_shout, hell_entry, nicolae_for_you_no_charge
Zot:3:    grunt_ministairs_4
Zot:4:    grunt_zot_stairs_overgrown
Trove:    trove_armour_1
Ossuary:  ossuary_zaba_two_paths
IceCv:    ice_cave_caverns_03
Volcano:  volcano_bunker

Skill      XL: |  1  2  3  4  5  6  7  8  9 10 11 12 13 14 15 16 17 18 19 20 21 22 23 24 25 26 27 |
---------------+----------------------------------------------------------------------------------+-----
Axes           | 4 5 6 7 8 9 12 14 17 18 | 18.0
Shields        | 3 4 12 15 | 15.0
Fighting       | 6 8 10 11 12 13 14 15 16 18 19 22 | 22.8
Armour         | 7 9 11 13 14 15 16 17 18 20 21 | 21.0
Evocations     | 4 7 10 14 17 18 19 21 24 26 27 | 27.0
Dodging        | 6 9 11 12 14 15 16 17 18 19 20 23 | 23.1
Invocations    | 8 10 | 10.0
Throwing       | |  1.7

Action                   |  1- 3 |  4- 6 |  7- 9 | 10-12 | 13-15 | 16-18 | 19-21 | 22-24 | 25-27 || total
-------------------------+-------+-------+-------+-------+-------+-------+-------+-------+-------++-------
Melee: War axe           |    90 |   262 |   343 |   785 |  1262 |  1873 |  1128 |  2092 |    86 ||  7921
       Mace              |       |       |    59 |       |       |       |       |       |       ||    59
       Flail             |       |       |   154 |     4 |       |       |       |       |       ||   158
       Broad axe         |       |       |       |       |       |       |       |       |  1383 ||  1383
Throw: Stone             |     5 |       |     1 |       |       |       |       |       |       ||     6
       Tomahawk          |     6 |     4 |    25 |       |       |       |       |       |       ||    35
       Throwing net      |     2 |       |     5 |     1 |       |       |       |       |     1 ||     9
 Abil: Device Recharging |       |     1 |     1 |     1 |       |       |       |       |       ||     3
Evoke: Wand              |     1 |     7 |     9 |    17 |       |    18 |       |    26 |    11 ||    89
       Lamp of fire      |       |       |       |       |       |     5 |     3 |     2 |     2 ||    12
       Phial of floods   |       |       |       |       |       |     1 |     1 |       |       ||     2
       Deck              |       |       |       |       |       |       |     1 |       |       ||     1
  Use: Scroll            |       |     3 |    12 |    20 |    13 |     8 |    15 |    21 |    16 ||   108
       Potion            |       |       |     1 |     7 |       |     4 |     9 |    11 |    12 ||    44
 Stab: Sleeping          |     1 |     1 |       |     7 |       |       |       |       |       ||     9
       Held in net/web   |       |       |     4 |       |       |       |       |       |       ||     4
       Distracted        |       |       |       |     2 |       |       |     2 |     1 |       ||     5
       Petrified         |       |       |       |       |       |       |       |       |     4 ||     4
       Invisible         |       |       |       |       |       |       |       |       |    36 ||    36
       Confused          |       |       |       |       |       |       |       |       |     3 ||     3
  Eat: Chunk             |       |     8 |     6 |     1 |     1 |       |       |       |       ||    16
       Beef jerky        |       |     1 |     1 |     2 |     8 |     1 |     2 |     4 |     1 ||    20
       Fruit             |       |       |     3 |       |     8 |    18 |       |     1 |       ||    30
       Pizza             |       |       |     2 |       |     1 |     3 |     1 |     2 |     1 ||    10
       Meat ration       |       |       |     1 |     2 |     2 |     2 |     2 |     5 |     2 ||    16
       Royal jelly       |       |       |       |     1 |       |       |       |       |     3 ||     4
       Bread ration      |       |       |       |       |     1 |       |     1 |     1 |     2 ||     5
